 Dungeon Crawl Stone Soup version 0.28.0-45-g0d030f2227 (webtiles) character file.

Game seed: 14397256609253297987

324 Kziril the Skirmisher (level 6, 0/40 HPs)
             Began as a Gargoyle Fighter on Apr 21, 2022.
             Slain by Pikel
             ... wielding a +2 whip of flaming
              (2 damage)
             ... on level 3 of the Dungeon.
             The game lasted 00:06:12 (2369 turns).

Kziril the Skirmisher (Gargoyle Fighter)            Turns: 2369, Time: 00:06:12

Health: 0/40       AC: 11    Str: 19    XL:     6   Next: 48%
Magic:  6/6        EV: 14    Int:  9    God:
Gold:   59         SH:  5    Dex: 11    Spells: 5/5 levels left

rFire   . . .      SeeInvis .   a - +0 flail
rCold   . . .      Faith    +   c - +0 buckler
rNeg    + . .      Spirit   .   e - +3 leather armour {Will+}
rPois   ∞          Reflect  .   (no helmet)
rElec   +          Harm     .   (no cloak)
rCorr   .          Rampage  .   (no gloves)
Will    +....                   (no boots)
Stlth   +.........              g - amulet of faith
HPRegen 0.13/turn               f - +4 ring of evasion
MPRegen 0.10/turn               (no ring)

@: no status effects
A: sickness immunity, AC +4, negative energy resistance 1, electricity
resistance, torment resistance 1, petrification resistance
a: no special abilities


You were on level 3 of the Dungeon.
You visited 1 branch of the dungeon, and saw 4 of its levels.

You collected 59 gold pieces.

Inventory:

Hand Weapons
 a - a +0 flail (weapon)
 q - the +9 falchion of Defenestration {vorpal, rElec rCorr}
   (You found it on level 3 of the Dungeon)

   It inflicts extra damage upon your enemies.
   rElec:     It insulates you from electricity.
   rCorr:     It protects you from acid and corrosion.
Missiles
 m - 2 throwing nets (quivered)
Armour
 c - a +0 buckler (worn)
 e - a +3 leather armour of willpower (worn)
 r - a +1 chain mail of fire resistance
Jewellery
 f - a +4 ring of evasion (left hand)
 g - an amulet of faith (around neck)
Scrolls
 b - 2 scrolls of immolation {unknown}
 h - a scroll of noise {unknown}
 i - 3 scrolls of teleportation {unknown}
 k - 2 scrolls of identify {unknown}
 l - a scroll of vulnerability {unknown}
 p - a scroll of fog {unknown}
Potions
 d - a potion of might
 j - a potion of brilliance {unknown}
 n - a potion of flight {unknown}
 o - a potion of heal wounds {unknown}


   Skills:
 * Level 5.2 Fighting
 - Level 0.1 Long Blades
 + Level 3.5 Maces & Flails
 + Level 4.5 Armour
 + Level 4.6 Shields


You had 5 spell levels left.
You didn't know any spells.
Your spell library was empty.

Dungeon Overview and Level Annotations

Branches:
Dungeon (4/15)
 Temple: D:4-7

Altars:
Hepliaklqana
Uskayaw
Xom

Annotations:
D:3 Pikel


Innate Abilities, Weirdness & Mutations

You are immune to sickness and miasma.
Your stone body is resilient. (AC +4)
You are immune to poison.
You resist negative energy. (rN+)
You are resistant to electric shocks. (rElec)
You are resistant to unholy torment.
You are immune to petrification.


Message History

Pikel zaps a wand.
You hear a grinding noise.
A lemure comes into view.
A lemure comes into view.
The lemure shouts!
Pikel drinks a potion.
Pikel seems to speed up.
You closely miss Pikel.
Pikel hits you with a +2 whip of flaming.
Pikel burns you. Pikel closely misses you.
You hit Pikel.
Pikel is lightly wounded.
Pikel closely misses you. Pikel completely misses you.
You hit Pikel but do no damage.
Pikel is lightly wounded.
Pikel hits you with a +2 whip of flaming.
Pikel burns you. The lemure closely misses you.
Pikel says, "Hell isn't that bad."
You block Pikel's attack.
You hit Pikel but do no damage.
Pikel is lightly wounded.
You block Pikel's attack. The lemure misses you. The lemure hits you.
Pikel hits you with a +2 whip of flaming.
Pikel burns you.
Pikel says, "You'll rot in Tartarus!"
Pikel zaps a wand.
Some rock shatters into small pieces.
The lemure hits you but does no damage.
Pikel hits you with a +2 whip of flaming!
Pikel burns you.
* * * LOW HITPOINT WARNING * * *
There is a stone staircase leading up here.
Pikel barely misses you. You block the lemure's attack.
You climb upwards.
There is a stone staircase leading down here.
You barely miss Pikel. Pikel barely misses you. The lemure hits you.
* * * LOW HITPOINT WARNING * * *
Pikel hits you with a +2 whip of flaming.
* * * LOW HITPOINT WARNING * * *
Pikel burns you.
You die...

##########################
#.......#K@5......(...†..##
#.#####...##########.##....
#.# #.#...# #.##[### #.#
#...#.########)##.# #.#
#.#...##....##.##.###
#.#####.##.###.##.#.#.#....
#.......##.##..##..###.....
#.##.#####.##..####.#.#...#
##.##.# #####'#........###


You could see Pikel (fast) and a lemure.

Vanquished Creatures
  Grinder (D:3)
  An orc wizard (D:3)
  3 adders
  2 worms
  3 dart slugs
  4 orcs (D:3)
  6 endoplasms
  2 giant cockroaches (D:1)
  5 goblins
  6 hobgoblins
  3 jackals (D:1)
  3 quokkas
  7 ball pythons
  4 bats
  2 frilled lizards (D:1)
  3 kobolds
  5 rats
60 creatures vanquished.

Notes
Turn   | Place    | Note
-------+----------+-------------------------------------------
     0 | D:1      | Kziril the Gargoyle Fighter began the quest for the Orb.
     0 | D:1      | Reached XP level 1. HP: 14/14 MP: 1/1
   127 | D:1      | Reached XP level 2. HP: 19/19 MP: 2/2
   261 | D:1      | Reached XP level 3. HP: 19/23 MP: 3/3
  1168 | D:2      | Reached XP level 4. HP: 29/29 MP: 4/4
  1485 | D:4      | Noticed a lemure
  1485 | D:4      | Noticed Grinder
  1485 | D:4      | Found a hide-covered altar of Uskayaw.
  1571 | D:3      | Identified the +9 falchion of Defenestration {vorpal, rElec
                  | rCorr}
  1588 | D:3      | Reached skill level 4 in Fighting
  1613 | D:3      | Found a shimmering altar of Xom.
  1614 | D:3      | Found a hazy altar of Hepliaklqana.
  1615 | D:3      | Noticed a spectral ugly thing
  1615 | D:3      | Noticed an earth elemental
  1919 | D:3      | Reached XP level 5. HP: 31/33 MP: 5/5
  2131 | D:4      | Noticed a lemure
  2153 | D:3      | Paralysed by Grinder for 3 turns
  2159 | D:3      | Killed Grinder
  2160 | D:3      | Reached skill level 5 in Fighting
  2160 | D:3      | Reached XP level 6. HP: 26/40 MP: 6/6
  2349 | D:4      | Noticed Pikel
  2369 | D:3      | HP: 2/40 [Pikel/+2 whip of flaming (6)]
  2369 | D:3      | Slain by Pikel

Illustrated notes

Levels and vault maps discovered:
D:1:      evilmike_arrival_crescent, layout_basic
D:2:      layout_rooms
D:3:      layout_loops_ring, regret_index_temple_of_mockery
D:4:      layout_cave_pools, mainiacjoe_overflow_brackets,
          overflow_temple_1_default, minmay_temple_entry_steel_oval, uniq_pikel,
          uniq_grinder

Skill      XL: |  1  2  3  4  5 |
---------------+----------------+-----
Shields        | 4 |  4.6
Fighting       | 4 5 |  5.2
Armour         | 4 |  4.5
Maces & Flails | 3 |  3.5
Long Blades    | |  0.1

Action                   |  1- 3 |  4- 6 || total
-------------------------+-------+-------++-------
Melee: Flail             |   111 |    96 ||   207
       Falchion          |       |     5 ||     5
Armor: Scale mail        |    10 |       ||    10
       Leather armour    |    42 |    27 ||    69
Dodge: Dodged            |    99 |    90 ||   189
Block: Buckler           |    30 |    36 ||    66
